 Dungeon Crawl Stone Soup version 0.19.4-9-g45fd643 (webtiles) character file.

112836 Peloso the Peltast (level 16, -1/146 (147) HPs)
             Began as a Minotaur Fighter on Feb 19, 2017.
             Was the Champion of Okawaru.
             Killed from afar by a shock serpent (13 damage)
             ... with a bolt of electricity
             ... on level 1 of the Snake Pit.
             The game lasted 01:27:37 (31165 turns).

Peloso the Peltast (Minotaur Fighter)              Turns: 31165, Time: 01:27:38

HP:   -1/146 (147)  AC: 24    Str: 25    XL:     16   Next: 12%
MP:   17/17         EV: 13    Int:  5    God:    Okawaru [******]
Gold: 2000          SH: 22    Dex: 17    Spells: 0 memorised, 15 levels left

rFire  + . .     SeeInvis .     q - +1 demon blade (venom)
rCold  . . .     Gourm    .     L - +1 plate armour {MR+}
rNeg   . . .     Faith    +     R - +5 shield "Miyx" {rPois rF+ Dex+4}
rPois  +         Spirit   .     (helmet restricted)
rElec  .         Reflect  .     D - +0 cloak {rPois}
rCorr  .         Harm     .     W - +2 pair of gloves {archery}
MR     ++...                    V - +0 pair of boots {run}
Stlth  ..........               U - amulet of faith
                                o - +2 ring of evasion
                                x - ring of poison resistance

@: about to teleport, quick
A: retaliatory headbutt, horns 2
a: Heroism, Finesse, Renounce Religion


You were on level 1 of the Snake Pit.
You worshipped Okawaru.
Okawaru was exalted by your worship.
You were hungry.

You visited 4 branches of the dungeon, and saw 24 of its levels.

You collected 2350 gold pieces.
You spent 350 gold pieces at shops.

Inventory:

Hand Weapons
 c - a +1 scimitar of flaming
 q - a +1 demon blade of venom (weapon)
Armour
 t - a +0 shield of reflection
 D - a +0 cloak of poison resistance (worn)
 H - a +2 shield of protection
 L - a +1 plate armour of magic resistance (worn)
 R - the +5 shield "Miyx" (worn) {rPois rF+ Dex+4}
   (You found it on level 12 of the Dungeon)

   It affects your dexterity (+4).
   It protects you from fire.
   It protects you from poison.
 V - a +0 pair of boots of running (worn)
 W - a +2 pair of gloves of archery (worn)
Jewellery
 o - a +2 ring of evasion (right hand)
 x - a ring of poison resistance (left hand)
 U - an amulet of faith (around neck)
 Y - an uncursed ring of flight
Scrolls
 a - 3 scrolls of identify
 g - 10 scrolls of teleportation
 k - 2 scrolls of recharging
 l - a scroll of enchant armour
 m - 6 scrolls of remove curse
 n - a scroll of enchant weapon
 C - a scroll of blinking
 E - a scroll of fear
 G - a scroll of magic mapping
 O - 3 scrolls of fog
 T - 2 scrolls of silence
Potions
 b - a potion of cancellation
 d - 7 potions of might
 e - 12 potions of curing
 p - 2 potions of heal wounds
 u - 3 potions of haste
 w - a potion of flight
 A - a potion of berserk rage
 Z - 2 potions of agility
Comestibles
 f - 18 bread rations
 h - 4 slices of pizza
 i - 24 fruits
 j - 29 beef jerkies
 r - 2 royal jellies
 s - 10 chunks of flesh
 z - 7 meat rations


   Skills:
 + Level 14.9 Fighting
 + Level 16.4 Long Blades
 + Level 13.8 Armour
 + Level 6.1 Dodging
 + Level 2.1 Stealth
 + Level 20.0 Shields
 + Level 3.3 Invocations


You had 15 spell levels left.
You didn't know any spells.

Dungeon Overview and Level Annotations

Branches:
Dungeon (15/15)            Temple (0/1) D:4            Lair (6/6) D:11
  Swamp (0/4) Lair:3        Snake (1/4) Lair:2        Slime (0/5) Lair:5
    Orc (2/2) D:11            Elf (0/3) Orc:2        Vaults (0/5) D:13
 Depths (0/5) D:15

Altars:
Cheibriados
Dithmenos
Gozag
Okawaru
Ru
Uskayaw
Vehumet
The Shining One
Beogh
Jiyva

Shops:
D:8 }(   D:13 *   Orc:2 [**%


Innate Abilities, Weirdness & Mutations

You reflexively headbutt those who attack you in melee.
You have a pair of horns on your head.


Message History

You block the anaconda's attack. The anaconda misses you.
You block the shock serpent's attack. You block the anaconda's attack.
The anaconda bites you but does no damage.
Unknown command.
You slash the shock serpent! You headbutt the shock serpent!
The shock serpent is heavily wounded.
The shock serpent's electric aura discharges, shocking you!
* * * LOW HITPOINT WARNING * * *
You block the shock serpent's attack. The anaconda closely misses you.
You riposte.
You slash the anaconda!
The anaconda is poisoned.
You headbutt the anaconda, but do no damage.
The anaconda is lightly wounded.
You block the anaconda's attack.
You hit the shock serpent. You headbutt the shock serpent!!
The shock serpent is almost dead.
The shock serpent's electric aura discharges, shocking you!
* * * LOW HITPOINT WARNING * * *
The shock serpent shoots out a bolt of lightning at you!
The bolt of electricity hits you!
You die...

.................
..................
...................
....................
....................
........................
.....>...........S......
...............$@†......
.................S......
........................
........................
........................
.[.......[..............
........................
........................
.....................


You could see an anaconda and a shock serpent.

Vanquished Creatures
  An orc warlord (Orc:1)
  An ettin (D:15)
  Erolcha (D:10)
  5 ogre magi
  A vault guard (D:13)
  3 hydras
  A death knight (D:14)
  3 centaur warriors
  3 tengu warriors
  4 anacondas (Snake:1)
  9 death yaks
  2 orc high priests
  A naga sharpshooter (Snake:1)
  A shock serpent (Snake:1)
  Sonja (Lair:4)
  A deep elf knight (D:15)
  Nergalle (Lair:3)
  5 skeletal warriors
  2 naga ritualists (Snake:1)
  3 wizards (D:13)
  A wolf spider zombie (D:15)
  A deep elf archer (D:15)
  2 orc knights (Orc:1)
  2 hill giants
  2 phantasmal warriors (D:14)
  2 mana vipers
  A necromancer (D:13)
  4 ugly things
  3 deep elf magi
  9 cyclopes
  2 orc sorcerers
  An oklob plant (Lair:2)
  A moth of wrath (shapeshifter) (D:13)
  A salamander (Snake:1)
  17 elephants
  4 manticores
  13 black mambas
  Joseph (D:7)
  6 spiny frogs
  A gargoyle (D:14)
  5 kobold demonologists
  A rime drake (Lair:4)
  A freezing wraith (D:15)
  7 komodo dragons
  2 efreet
  A yaktaur (D:14)
  9 polar bears
  A tengu conjurer (D:14)
  17 trolls
  Grinder (D:5)
  A hornet (D:15)
  18 two-headed ogres
  3 raiju (Lair:6)
  23 blink frogs
  8 slime creatures
  10 hippogriffs
  4 dream sheep (Lair:6)
  A centaur simulacrum (D:14)
  A spriggan (Lair:1)
  4 wyverns
  2 vampires
  23 yaks
  A spriggan (shapeshifter) (D:15)
  2 wraiths
  3 shadows
  2 basilisks
  20 humans (D:13)
  11 vampire mosquitoes
  14 wargs
  A hungry ghost (D:12)
  2 mottled dragons
  3 swamp worms (Lair:3)
  9 nagas
  2 soldier ants
  11 water moccasins
  5 hell hounds (Lair:6)
  6 porcupines
  Duvessa (D:7)
  4 ice beasts
  2 sky beasts
  31 orc warriors
  14 black bears
  4 phantoms
  A necrophage (D:10)
  6 centaurs
  36 ogres
  19 wolves
  11 crocodiles
  4 big kobolds
  14 bullfrogs
  A wyvern zombie (D:15)
  Dowan (D:7)
  A wyvern skeleton (D:10)
  8 scorpions
  A water moccasin skeleton (D:8)
  6 killer bees
  3 howler monkeys
  2 electric eels (Lair:3)
  6 crimson imps
  2 bullfrog zombies
  2 centaur zombies
  18 hounds
  A bullfrog skeleton (D:13)
  2 jellies
  A quasit (D:10)
  29 orc priests
  3 centaur skeletons
  32 orc wizards
  Ijyb (D:2)
  Natasha (twice) (D:3)
  9 iguanas
  14 worker ants
  A hound skeleton (D:4)
  A mummy (D:4)
  A howler monkey zombie (D:7)
  Robin (D:2)
  A worker ant zombie (D:10)
  16 gnolls
  18 adders
  4 shadow imps
  An adder skeleton (D:9)
  An adder zombie (D:9)
  5 worms
  A dart slug (D:2)
  7 leopard geckos
  82 orcs
  13 giant cockroaches
  24 goblins
  8 hobgoblins
  19 jackals
  7 quokkas
  2 ball pythons
  10 bats
  4 frilled lizards
  A hobgoblin zombie (D:4)
  23 kobolds
  2 leopard gecko skeletons
  3 orc zombies (D:4)
  A quokka skeleton (D:7)
  2 quokka zombies
  2 rats
  3 fungi
  A plant (Lair:6)
915 creatures vanquished.

Vanquished Creatures (others)
  An ogre (Orc:2)
  12 fungi
  11 plants
24 creatures vanquished.

Grand Total: 939 creatures vanquished

Notes
Turn   | Place    | Note
-------+----------+-------------------------------------------
     0 | D:1      | Peloso the Minotaur Fighter began the quest for the Orb.
     0 | D:1      | Reached XP level 1. HP: 19/19 MP: 0/0
    28 | D:1      | Found a sacrificial altar of Ru.
   380 | D:1      | Reached XP level 2. HP: 27/27 MP: 1/1
   568 | D:2      | Noticed Robin
   586 | D:2      | Killed Robin
   586 | D:2      | Reached skill level 4 in Shields
   586 | D:2      | Reached XP level 3. HP: 21/33 MP: 2/2
  1001 | D:2      | Found an iron altar of Okawaru.
  1001 | D:2      | Found a snail-covered altar of Cheibriados.
  1001 | D:2      | Found a shadowy altar of Dithmenos.
  1006 | D:2      | Found a radiant altar of Vehumet.
  1009 | D:2      | Became a worshipper of Warmaster Okawaru
  1297 | D:2      | Reached XP level 4. HP: 36/40 MP: 3/3
  1451 | D:2      | Noticed Ijyb
  1460 | D:2      | Killed Ijyb
  1622 | D:3      | Reached XP level 5. HP: 38/46 MP: 4/4
  1768 | D:3      | Reached skill level 1 in Dodging
  1771 | D:3      | Reached skill level 5 in Shields
  1804 | D:3      | Found a faded altar of an unknown god.
  1818 | D:3      | Noticed Natasha
  1835 | D:3      | Killed Natasha
  2101 | D:3      | Noticed Natasha
  2105 | D:3      | Killed Natasha
  2200 | D:3      | Reached XP level 6. HP: 50/53 MP: 5/5
  2358 | D:4      | Reached skill level 5 in Long Blades
  2404 | D:4      | Found a staircase to the Ecumenical Temple.
  2463 | D:4      | Found a glowing drain.
  2512 | D:4      | Reached * piety under Okawaru
  2565 | D:4      | HP: 2/53 [gnoll/spear (8)]
  2571 | D:4      | Reached skill level 5 in Armour
  2573 | D:4      | HP: 3/79 [mummy (9)]
  3079 | D:5      | Entered Level 5 of the Dungeon
  3139 | D:5      | Reached skill level 5 in Fighting
  3139 | D:5      | Reached XP level 7. HP: 59/61 MP: 6/6
  3755 | D:5      | Noticed Grinder
  3782 | D:5      | Killed Grinder
  3782 | D:5      | Reached ** piety under Okawaru
  3880 | D:5      | Reached skill level 6 in Shields
  3880 | D:5      | Reached XP level 8. HP: 44/68 MP: 7/7
  5207 | D:6      | Reached *** piety under Okawaru
  5459 | D:6      | Reached skill level 1 in Stealth
  5734 | D:7      | Reached skill level 7 in Shields
  5882 | D:7      | Reached XP level 9. HP: 64/75 MP: 5/8
  6593 | D:7      | Noticed Duvessa
  6603 | D:7      | Killed Duvessa
  6603 | D:7      | Reached skill level 8 in Shields
  6604 | D:7      | Noticed Dowan
  6604 | D:7      | Reached **** piety under Okawaru
  6615 | D:7      | Killed Dowan
  6796 | D:7      | Noticed Joseph
  6821 | D:7      | Killed Joseph
  7530 | D:5      | Reached skill level 10 in Long Blades
  7715 | D:8      | Found Odoqieb's Gadget Emporium.
  7748 | D:8      | Noticed a cyclops
  7764 | D:8      | Killed a cyclops
  8053 | D:8      | Reached XP level 10. HP: 86/86 MP: 9/9
  8073 | D:8      | Reached skill level 9 in Shields
  8794 | D:8      | Found Vuatsee's Weapon Shop.
  9090 | D:9      | Reached ***** piety under Okawaru
  9435 | D:9      | Found a shadowy altar of Dithmenos.
  9598 | D:9      | Found an opulent altar of Gozag.
  9598 | D:9      | Found a glowing golden altar of the Shining One.
  9598 | D:9      | Found a hide-covered altar of Uskayaw.
  9841 | D:9      | Received a gift from Okawaru
  9844 | D:9      | Got a bloodstained chain mail {god gift}
  9855 | D:9      | Identified the +3 chain mail of Hysteria {rElec} (Okawaru gifted it to you on level 9 of the Dungeon)
 10165 | D:10     | Entered Level 10 of the Dungeon
 10321 | D:10     | Reached skill level 1 in Invocations
 10327 | D:10     | Reached skill level 10 in Shields
 10876 | D:10     | Noticed Erolcha
 10895 | D:10     | Killed Erolcha
 10895 | D:10     | Reached skill level 10 in Armour
 10895 | D:10     | Reached XP level 11. HP: 88/94 MP: 10/10
 11639 | D:11     | Found a staircase to the Lair.
 11716 | D:11     | Noticed a white ugly thing
 11737 | D:11     | Killed a white ugly thing
 11905 | D:11     | Found a staircase to the Orcish Mines.
 12164 | D:11     | Received a gift from Okawaru
 12164 | D:11     | Reached skill level 11 in Shields
 12178 | D:11     | Got a smoking glaive {god gift}
 12934 | D:12     | Reached skill level 10 in Fighting
 13299 | D:12     | Got a warped shield
 13310 | D:12     | Identified the +5 shield "Miyx" {rPois rF+ Dex+4} (You found it on level 12 of the Dungeon)
 13780 | D:12     | Reached ****** piety under Okawaru
 13843 | Lair:1   | Entered Level 1 of the Lair of Beasts
 13851 | Lair:1   | Reached skill level 12 in Shields
 13881 | Lair:1   | Reached XP level 12. HP: 86/105 MP: 12/12
 14350 | Lair:1   | Noticed a death yak
 14351 | Lair:1   | Noticed a death yak
 14352 | Lair:1   | Noticed a death yak
 14363 | Lair:1   | Noticed a death yak
 14365 | Lair:1   | Killed a death yak
 14365 | Lair:1   | Received a gift from Okawaru
 14383 | Lair:1   | Killed a death yak
 14394 | Lair:1   | Killed a death yak
 14402 | Lair:1   | Killed a death yak
 14402 | Lair:1   | Received a gift from Okawaru
 14413 | Lair:1   | Identified a +0 pair of boots of running (Okawaru gifted it to you on level 1 of the Lair of Beasts)
 15274 | Lair:2   | Reached skill level 13 in Shields
 15609 | Lair:2   | Found a staircase to the Snake Pit.
 15841 | Lair:2   | Reached skill level 5 in Dodging
 16509 | Lair:2   | Received a gift from Okawaru
 16520 | Lair:2   | Noticed a five-headed hydra
 16573 | Lair:1   | Identified the +10 glaive "Ajoerghe" {chop, +Inv Dex+3} (Okawaru gifted it to you on level 11 of the Dungeon)
 16917 | D:13     | Reached skill level 14 in Shields
 16951 | D:13     | Found Bolumyer's Assorted Antiques.
 17010 | D:13     | Reached XP level 13. HP: 97/115 MP: 13/13
 17482 | D:13     | Found a gate to the Vaults.
 17840 | D:13     | Reached skill level 15 in Shields
 17858 | D:13     | Received a gift from Okawaru
 17861 | D:13     | Got a brightly glowing large shield {god gift}
 17887 | D:13     | Identified the +3 large shield of Mamusant {rPois rN+ rCorr Int-2} (Okawaru gifted it to you on level 13 of the Dungeon)
 18296 | D:13     | Bought a scroll labeled WESCHU WUPSER for 25 gold pieces
 18296 | D:13     | Bought a scroll labeled WUUZ VATEUK for 25 gold pieces
 19362 | Lair:3   | Noticed Nergalle
 19376 | Lair:3   | Killed Nergalle
 19703 | Lair:3   | Found a staircase to the Swamp.
 19974 | Lair:4   | Noticed Sonja
 19980 | Lair:4   | Killed Sonja
 20197 | Lair:4   | Reached skill level 16 in Shields
 20628 | Lair:5   | Found a viscous altar of Jiyva.
 20629 | Lair:5   | Found a staircase to the Slime Pits.
 20800 | Lair:5   | Received a gift from Okawaru
 20800 | Lair:5   | Reached XP level 14. HP: 100/126 MP: 12/15
 20918 | Lair:5   | Reached skill level 15 in Long Blades
 21351 | Lair:6   | Entered Level 6 of the Lair of Beasts
 21624 | Lair:6   | Reached skill level 17 in Shields
 22394 | Lair:6   | Received a gift from Okawaru
 23943 | D:14     | Reached skill level 18 in Shields
 25025 | D:14     | Reached XP level 15. HP: 101/135 MP: 16/16
 25154 | D:13     | Received a gift from Okawaru
 25702 | D:15     | Entered Level 15 of the Dungeon
 25827 | D:15     | Received a gift from Okawaru
 25883 | D:15     | Got an iridescent falchion
 25884 | D:15     | Identified the +10 falchion of Currency {venom, rF+ Str-5 Int+3} (You found it on level 15 of the Dungeon)
 26421 | D:15     | Found a staircase to the Depths.
 26623 | D:11     | Received a gift from Okawaru
 26654 | Orc:1    | Entered Level 1 of the Orcish Mines
 26699 | Orc:1    | Reached skill level 19 in Shields
 27045 | Orc:1    | Found a roughly hewn altar of Beogh.
 27117 | Orc:1    | Noticed an orc warlord
 27147 | Orc:1    | Killed an orc warlord
 27752 | Orc:1    | Found a roughly hewn altar of Beogh.
 28328 | Orc:2    | Entered Level 2 of the Orcish Mines
 28328 | Orc:2    | Found a staircase to the Elven Halls.
 28457 | Orc:2    | Received a gift from Okawaru
 29128 | Orc:2    | Found Weczukuw's Assorted Antiques.
 29128 | Orc:2    | Found Tovar's Food Emporium.
 29129 | Orc:2    | Found Nys Piso's Armour Shoppe.
 29129 | Orc:2    | Found Boezoum's General Store.
 29179 | Orc:2    | Bought a scroll of brand weapon for 300 gold pieces
 29895 | Snake:1  | Entered Level 1 of the Snake Pit
 30502 | Snake:1  | Received a gift from Okawaru
 30531 | Lair:2   | Reached XP level 16. HP: 95/146 MP: 17/17
 30715 | Snake:1  | Got an ichor-stained shield {god gift}
 30726 | Snake:1  | Identified the +2 shield "Ybyqabuj" {Int+2} (Okawaru gifted it to you on level 1 of the Snake Pit)
 31003 | Snake:1  | Reached skill level 20 in Shields
 31165 | Snake:1  | Killed from afar by a shock serpent

Skill      XL: |  1  2  3  4  5  6  7  8  9 10 11 12 13 14 15 16 |
---------------+-------------------------------------------------+-----
Long Blades    | 3 4 5 7 8 10 12 13 14 15 16 | 16.4
Armour         | 4 5 6 7 8 10 11 12 13 | 13.8
Shields        | 4 5 6 7 8 10 12 14 16 18 19 20 | 20.0
Fighting       | 4 5 6 7 8 10 11 12 13 14 | 14.9
Dodging        | 1 2 3 4 5 6 |  6.1
Stealth        | 1 2 |  2.1
Invocations    | 1 2 3 |  3.3

Action                   |  1- 3 |  4- 6 |  7- 9 | 10-12 | 13-15 | 16-18 || total
-------------------------+-------+-------+-------+-------+-------+-------++-------
Melee: Long sword        |   100 |   209 |   424 |  1016 |   273 |       ||  2022
       Headbutt          |    13 |    53 |    97 |   294 |   585 |    31 ||  1073
       Scimitar          |       |       |       |       |   997 |       ||   997
       Demon blade       |       |       |       |       |   577 |    86 ||   663
       Falchion          |       |       |       |       |    35 |       ||    35
Invok: Heroism           |       |       |     2 |    11 |    10 |       ||    23
  Use: Scroll            |       |     8 |     3 |    13 |     9 |     1 ||    34
       Potion            |       |     2 |       |       |       |       ||     2
  Eat: Chunk             |     1 |     6 |    17 |    26 |    41 |     1 ||    92
       Fruit             |       |       |       |     3 |     1 |       ||     4
       Pizza             |       |       |       |       |       |     1 ||     1
Armor: Scale mail        |    64 |   104 |     4 |       |       |       ||   172
       Skin              |       |     9 |       |       |       |       ||     9
       Chain mail        |       |       |   158 |   285 |    46 |       ||   489
       Plate armour      |       |       |       |       |   361 |    19 ||   380
Dodge: Dodged            |    34 |    88 |   132 |   259 |   491 |    21 ||  1025
Block: Shield            |    70 |   157 |   255 |   692 |  1716 |    96 ||  2986
       Rpst.: Long sword |     8 |    20 |    48 |    55 |    19 |       ||   150
       Scimitar          |       |       |       |       |    47 |       ||    47
       Demon blade       |       |       |       |       |    23 |     2 ||    25
       Falchion          |       |       |       |       |     1 |       ||     1
